Map: King's Cove LE

Players

Woah

  • Race: Terran Terran
  • League: Diamond
  • Spawn Location: 11:00

Riordan - Winner!

  • Race: Protoss Protoss
  • League: Diamond
  • Spawn Location: 5:00

VOD

Have the link to the VOD?

Description

Time

  • Played on: June 14, 2019, 8:21 p.m.
  • Length: 9:15
Show
View Real Time Build Order
Export as new Build Order

Woah Terran 

Build Orders: Reaper Expand 

Get SALT Encoding   

  12  0:01  SCV  
  13  0:13  SCV  
  14  0:18  Supply Depot  
  14  0:26  SCV  
  15  0:40  SCV  
  16  0:43  Barracks  
  16  0:46  Refinery  
  16  0:52  SCV  
  17  1:04  SCV  
  18  1:16  SCV  
  19  1:29  Orbital Command  
  19  1:30  Reaper  
  20  1:46  Command Center  
  20  1:58  Supply Depot  
  20  2:00  SCV  
  21  2:04  Refinery  
  21  2:17  SCV  
  21  2:18  Barracks Reactor  
  21  2:21  Bunker  
  22  2:28  Factory  
  22  2:32  SCV  
  23  2:46  SCV  
  24  2:58  Orbital Command, Marine x2  
  24  2:59  SCV  
  27  3:12  Starport  
  27  3:14  SCV, Widow Mine  
  27  3:17  Supply Depot  
  30  3:20  Marine  
  30  3:21  Marine  
  30  3:25  SCV  
  30  3:27  SCV  
  34  3:37  SCV  
  35  3:43  SCV  
  35  3:44  Marine x2  
  35  3:48  Factory Tech Lab  
  38  3:53  SCV, Supply Depot  
  39  3:57  SCV  
  39  4:00  Medivac  
  42  4:06  Widow Mine  
  42  4:07  Marine x2  
  46  4:10  SCV  
  46  4:11  SCV  
  48  4:21  Supply Depot  
  48  4:22  SCV  
  49  4:26  Marine x2  
  49  4:30  Refinery  
  51  4:41  SCV  
  51  4:42  SCV  
  53  4:46  Raven  
  53  4:47  Engineering Bay  
  53  4:48  Marine x2, Factory Tech Lab  
  57  4:55  Barracks  
  57  4:56  SCV  
  57  4:58  SCV  
  59  5:04  Refinery  
  59  5:12  Terran Infantry Weapons Level 1  
  59  5:13  Marine x2  
  58  5:38  Marine x2  
  58  5:49  Siege Tank  
  51  6:00  Marine x2  
  44  6:18  Marine x2  
  46  6:23  Bunker  
  46  6:25  Barracks  
  46  6:35  SCV x2, Marine  
  46  6:36  Marine  
  50  6:43  Starport Reactor, Barracks Tech Lab  
  50  6:47  SCV x2  
  50  6:53  Supply Depot, Marine x2  
  54  6:58  Command Center  
  54  6:59  SCV x2  
  56  7:05  Siege Tank, Stimpack  
  59  7:11  SCV x2, Barracks, Marine x2  
  59  7:12  Terran Infantry Armor Level 1  
  59  7:13  Barracks  
  59  7:14  Supply Depot  
  63  7:17  Supply Depot  
  63  7:19  Medivac  
  65  7:24  Medivac  
  65  7:29  Supply Depot, Barracks  
  67  7:31  SCV  
  67  7:33  SCV, Barracks  
  67  7:36  Barracks Tech Lab  
  69  7:45  SCV  
  69  7:46  SCV  
  71  7:57  SCV  
  71  7:58  Marauder x2  
  76  8:00  SCV  
  76  8:04  Armory  
  76  8:05  Engineering Bay  
  77  8:06  Barracks Tech Lab  
  77  8:07  Supply Depot  
  77  8:12  SCV x2  
  79  8:24  SCV  
  72  8:33  Marauder, Marine x2  
  72  8:34  Marauder x3, Marine x2  
  81  8:38  Bunker  
  84  8:49  Supply Depot  
  84  8:51  Marine x2  
  84  8:53  Supply Depot  
Show
View Real Time Build Order
Export as new Build Order

Riordan Protoss - Winner!

Build Orders: 1 Gate Expand, Blink Stalkers 

Get SALT Encoding   

  12  0:08  Probe  
  13  0:20  Probe  
  14  0:22  Pylon  
  14  0:32  Probe  
  15  0:40  Gateway  
  15  0:45  Probe  
  16  0:51  Assimilator  
  17  0:57  Probe  
  17  1:09  Probe  
  18  1:22  Nexus  
  18  1:35  Cybernetics Core  
  18  1:37  Probe  
  19  1:45  Pylon  
  19  1:50  Probe  
  20  2:01  Stalker  
  20  2:02  Probe  
  20  2:03  Assimilator  
  21  2:14  Warp Gate, Probe  
  24  2:20  Gateway  
  24  2:26  Probe  
  25  2:37  Probe  
  25  2:43  Twilight Council  
  26  2:45  Stalker  
  28  2:58  Probe  
  29  3:02  Blink  
  29  3:06  Probe  
  29  3:09  Robotics Facility  
  30  3:13  Probe  
  30  3:14  Probe, Pylon  
  32  3:23  Probe  
  33  3:37  Probe  
  33  3:39  Probe, Gateway  
  35  3:47  Pylon  
  35  3:58  Gateway  
  35  4:02  Observer  
  36  4:03  Stalker  
  36  4:05  Probe  
  36  4:08  Stalker  
  41  4:12  Probe  
  41  4:17  Probe  
  43  4:19  Pylon  
  43  4:24  Probe  
  44  4:30  Stalker  
  44  4:31  Stalker  
  48  4:38  Stalker  
  50  4:47  Probe  
  51  4:55  Immortal  
  51  4:57  Zealot, Gateway  
  57  5:00  Probe  
  57  5:03  Assimilator  
  58  5:09  Stalker  
  58  5:10  Stalker  
  57  5:54  Observer  
  53  6:17  Stalker  
  53  6:18  Stalker x4  
  63  6:20  Probe x2  
  63  6:22  Charge  
  65  6:27  Forge  
  65  6:41  Warp Prism  
  65  6:43  Zealot  
  65  6:45  Probe  
  70  6:49  Protoss Ground Armor Level 1, Pylon  
  70  6:51  Pylon  
  70  6:52  Pylon  
  70  7:01  Gateway  
  70  7:05  Nexus  
  70  7:07  Zealot, Probe, Pylon  
  70  7:08  Zealot x2  
  77  7:09  Zealot x2  
  77  7:15  Probe  
  82  7:19  Probe  
  83  7:27  Probe  
  84  7:31  Probe  
  84  7:35  Zealot  
  84  7:36  Zealot x4  
  96  7:51  Probe x2  
  96  7:58  Templar Archives  
  97  8:01  Stalker x2  
  101  8:07  Pylon  
  101  8:09  Pylon  
  95  8:31  Zealot x6  
  107  8:51  Zealot  
  107  8:52  Zealot x5  
  107  9:13  Zealot x2  
  107  9:14  Zealot x4  
Tags
 
Add a new tag
Caveats
  • Supply blocks, unpowered buildings, or Contaminate may cause inaccurate times.
  • Supply counts are checked every 10 seconds.